AoeStats
← Chupacabra

African Clearing

504828205Analyzed
4v4 RM · 26d ago on Sep 6, 2026· 35m 28s· 8 players
Game mode
Random Map
Map size
Large (8 player)
Population
200
Speed
Normal
Resources
Standard
Victory
Conquest
Starting age
Dark Age
Ending age
Imperial Age
RankedLock teamsTeams togetherTeam positionsShared explorationLock speedFull tech treeHidden civsTurbo modeCheats
Victory
Defeat
🇮🇳 Franks · India
1432
+13
🇩🇪 Wei · Germany
1335
+17
🇮🇳 Burgundians · India
1246
+21
🇮🇳 Tatars · India
1185
+23
🇬🇧 Turks · United Kingdom
1362
-19
🇬🇧 Magyars · United Kingdom
1358
-19
🇬🇧 Mongols · United Kingdom
1346
-18
🇬🇧 Slavs · United Kingdom
1344
-18
Parle Genius
6:59 Loom
14:08 Feudal Age
14:46 Double-Bit Axe
20:02 Castle Age
19:57 Forging
20:30 Gold Mining
31:04 Iron Casting
30:36 Scale Barding Armor
38:17 Imperial Age
Chupacabra
6:10 Loom
7:10 Double-Bit Axe
13:41 Feudal Age
13:46 Feudal Age
18:23 Castle Age
17:00 Horse Collar
18:54 Scale Barding Armor
20:33 Town Watch
21:05 Forging
22:02 Wheelbarrow
22:18 Wheelbarrow
22:24 Husbandry
29:07 Chain Barding Armor
29:14 Cavalier
30:54 Light Cavalry
35:22 Hand Cart
NEO
11:52 Loom
14:10 Feudal Age
18:13 Castle Age
17:31 Double-Bit Axe
22:13 Fletching
24:03 Elite Skirmisher
32:12 Horse Collar
33:55 Wheelbarrow
34:22 Heavy Plow
35:27 Hand Cart
Toxic_Smit
3:56 Loom
16:00 Feudal Age
20:05 Scale Mail Armor
21:34 Fletching
26:09 Castle Age
24:31 Double-Bit Axe
24:43 Horse Collar
26:08 Padded Archer Armor
28:24 Town Watch
29:02 Bodkin Arrow
30:10 Wheelbarrow
31:00 Elite Skirmisher
34:05 Leather Archer Armor
Woodsy777
6:19 Loom
14:54 Feudal Age
20:15 Castle Age
19:41 Fletching
19:52 Padded Archer Armor
20:28 Crossbowman
23:22 Elite Skirmisher
31:09 Bodkin Arrow
Rkid69
5:50 Loom
12:35 Feudal Age
15:33 Fletching
18:25 Horse Collar
18:34 Double-Bit Axe
26:16 Castle Age
26:31 Crossbowman
27:17 Bodkin Arrow
27:23 Padded Archer Armor
30:43 Ballistics
33:36 Thumb Ring
Dexter
9:22 Loom
14:06 Feudal Age
15:03 Double-Bit Axe
18:02 Castle Age
19:26 Bow Saw
20:43 Horse Collar
22:13 Wheelbarrow
23:33 Town Watch
28:19 Fletching
31:30 Bodkin Arrow
32:05 Heavy Plow
36:27 Imperial Age
35:01 Bloodlines
35:16 Ballistics
Fefs80
9:35 Loom
11:56 Feudal Age
12:41 Town Watch
13:20 Double-Bit Axe
20:15 Gold Mining
20:46 Bloodlines
22:57 Castle Age
21:56 Scale Barding Armor
22:59 Light Cavalry
25:50 Chain Barding Armor
28:46 Horse Collar
Connection lost

Rejoining the realm…

Still unreachable

The connection could not be restored.

Session expired

The server has moved on; the page needs a fresh start.